 Dungeon Crawl Stone Soup version 0.31-a0-983-g7b6862f502 (webtiles) character file.

Game seed: 4949088246777668163

85 lunkers the Ruffian (level 4, 0/34 HPs)
             Began as a Demigod Shapeshifter on Nov 2, 2023.
             Slain by a worm (10 damage)
             ... on level 2 of the Dungeon.
             The game lasted 00:01:37 (1605 turns).

lunkers the Ruffian (Demigod Shapeshifter)          Turns: 1605, Time: 00:01:38

Health: 0/34       AC:  5    Str: 19    XL:     4   Next: 5%
Magic:  6/6        EV: 11    Int: 12    God:
Gold:   77         SH:  0    Dex: 13    Spells: 3/3 levels left

rFire   . .          .
                       - Unarmed
rCold   . . .        (no shield)
rNeg    . . .        h - +0 ring mail
rPois   .            (helmet currently unavailable)
rElec   .            (cloak currently unavailable)
rCorr   .            (gloves currently unavailable)
SInv    .            (boots currently unavailable)
Will    .....        (no amulet)
Stlth   +            (no ring)
HPRegen 0.25/turn    (no ring)
MPRegen 0.10/turn

%: no passive effects
@: beast-form
A: beast (slay +1), high MP 1, forlorn, divine attributes
a: Begin Untransformation


You were on level 2 of the Dungeon.
You were a hulking beast.
You visited 1 branch of the dungeon, and saw 2 of its levels.

You collected 77 gold pieces.

Inventory:

Missiles
 n - a throwing net
Armour
 a - a +0 animal skin
 h - a +0 ring mail (worn)
Talismans
 c - a beast talisman
 d - a flux talisman
Scrolls
 f - a scroll of fear {unknown}
 g - a scroll of noise {unknown}
 i - a scroll of blinking {unknown}
 j - a scroll of teleportation {unknown}
 k - 2 scrolls of vulnerability {unknown}
 l - a scroll of revelation {unknown}
Potions
 b - a potion of lignification
 e - a potion of degeneration {unknown}
 m - a potion of enlightenment {unknown}
 o - a potion of attraction {unknown}


   Skills:
 - Level 0.8 Fighting
 - Level 1.7 Dodging
 * Level 4.1 Unarmed Combat
 + Level 3.3 Shapeshifting


You had 3 spell levels left.
You didn't know any spells.
Your spell library contained the following spells:

 Spells                   Type           Power      Damage    Failure   Level
 Blink                    Tloc           0%         N/A       65%         2
 Manifold Assault         Tloc           0%         N/A       99%         4
 Passage of Golubria      Tloc           0%         N/A       99%         4
 Silence                  Hex/Air        0%         N/A       100%        5
 Lehudib's Crystal Spear  Conj/Erth      0%         10d2      100%        8


Dungeon Overview and Level Annotations

Branches:
Dungeon (2/15)


Innate Abilities, Weirdness & Mutations

You are a hulking beast.
Your limbs bulge with bestial killing power. (Slay +1)
You have an increased reservoir of magic. (+10% MP)
You shall have no god before yourself.
Your divine heritage dramatically boosts your attributes as you level up.


Message History

No target in view!
No target in view!
You see here a hobgoblin corpse.
Found a stone staircase leading down.
You open the large door.
A kobold, a worm and a rat come into view.
Found 4 gold pieces and 3 poisoned darts.
An adder comes into view.
The adder hisses angrily.
The worm bites you.
There is a large open door here.
You barely miss the worm. You barely miss the adder.
The adder bites you but does no damage. The worm bites you!
The kobold hits you with a +0 club.
You barely miss the adder. The adder barely misses you.
The kobold hits you but does no damage.
You barely miss the adder. The adder bites you but does no damage.
The worm barely misses you. The kobold closely misses you.
You punch the adder!
The adder is severely wounded.
The adder barely misses you.
You hit the adder.
You kill the adder!
The kobold hits you with a +0 club.
* * * LOW HITPOINT WARNING * * *
The rat completely misses you. The worm completely misses you.
You have reached level 4!
You hit the rat but do no damage. The kobold hits you but does no damage.
The rat closely misses you.
Unknown command.
You hit the rat.
The rat is heavily wounded.
The kobold hits you but does no damage. The rat bites you but does no damage.
The worm bites you!
* * * LOW HITPOINT WARNING * * *
Unknown command.
You hit the rat but do no damage. You punch the rat.
You kill the rat!
The kobold hits you but does no damage. The worm bites you!
You die...

#.#.##....... ...#
#.#.##.#####. ....#
#.#.##.# #. .(...#
#.#.##.### #. ......#
#.#.##...###. .......
#.#..........
.......#####.######.##..
......K#.........##.....
......wh.###............
....$.††.# #####.#####.#
.......### #.# ##.#
....... #.# ##...
.......#########.# #....
......##.........# #....
.....##.#######..# #....
....###.# #..# #....
##...# #..# #.#.#


You could see a worm and a kobold.

Vanquished Creatures
  3 gnolls (D:2)
  An adder (D:2)
  A dart slug (D:1)
  5 bats
  3 giant cockroaches (D:1)
  7 hobgoblins
  5 jackals
  3 quokkas
  4 ball pythons
  2 frilled lizards (D:1)
  4 goblins
  2 kobolds
  4 rats
44 creatures vanquished.

Notes
Turn   | Place    | Note
-------+----------+-------------------------------------------
     0 | D:1      | lunkers the Demigod Shapeshifter began the quest for the
                  | Orb.
     0 | D:1      | Reached XP level 1. HP: 15/15 MP: 3/3
   104 | D:1      | Reached skill level 3 in Unarmed Combat
   189 | D:1      | Reached XP level 2. HP: 22/22 MP: 4/4
  1069 | D:2      | Reached XP level 3. HP: 22/27 MP: 5/5
  1190 | D:2      | Reached skill level 4 in Unarmed Combat
  1603 | D:2      | Reached XP level 4. HP: 17/34 MP: 6/6
  1605 | D:2      | Slain by a worm

Illustrated notes

Levels and vault maps discovered:
D:1:      wander_arrival_chamber, layout_basic, serial_forest,
          infiniplex_forest_straight_5, infiniplex_forest_corner_2,
          infiniplex_forest_straight_4, infiniplex_forest_lined_corner,
          infiniplex_forest_lined_3_way, infiniplex_forest_corner_1,
          infiniplex_forest_straight_5, infiniplex_forest_lined_room_,
          amethyst_killhole
D:2:      kennysheep_big_flooded_room, layout_loops_ring, reono_crystal_passage

Skill      XL: |  1  2  3 |
---------------+----------+-----
Unarmed Combat | 3 4 |  4.1
Shapeshifting  | 3 |  3.3
Fighting       | |  0.8
Dodging        | |  1.7

Action                     |  1- 3 |  4- 6 || total
---------------------------+-------+-------++-------
  Melee: Unarmed           |   168 |     3 ||   171
         Punch             |       |     1 ||     1
 Armour: Animal skin       |    27 |       ||    27
         Ring mail         |    62 |     6 ||    68
  Dodge: Dodged            |    84 |     1 ||    85

Table legend: (Time is in decaauts)
 A = Elapsed time spent in this place.
 B = Non-inter-level travel time spent in this place.
 C = Inter-level travel time spent in this place.
 D = Time resting spent in this place.
 E = Time spent auto-exploring this place.
 F = Levels seen in this place.
 G = Mean time per level.
                   A        B        C        D        E       F      G
               +--------+--------+--------+--------+--------+-----+--------+
         Total |   1594 |   1567 |     27 |      0 |   1251 |   2 |  797.0 |
       Dungeon |   1594 |   1567 |     27 |      0 |   1251 |   2 |  797.0 |
               +--------+--------+--------+--------+--------+-----+--------+

Top non-repeatable levels by time:
     D:1: 964 daAuts
     D:2: 629 daAuts
